AoeStats
← turco_asad1

Golden Pit

509800527Analyzed
1v1 RM · 6d ago on Sep 28, 2026· 32m 1s· 2 players
Game mode
Random Map
Map size
Tiny (2 player)
Population
200
Speed
Normal
Resources
Standard
Victory
Conquest
Starting age
Dark Age
Ending age
Imperial Age
RankedLock teamsTeams togetherTeam positionsShared explorationLock speedFull tech treeHidden civsTurbo modeCheats
Victory
Defeat
🇦🇷 Mongols · Argentina
674
+13
🇨🇱 Dravidians · Chile
614
-13
Acab_Sativo
7:44 Loom
11:20 Feudal Age
19:56 Forging
19:39 Fletching
23:01 Padded Archer Armor
27:48 Castle Age
28:20 Crossbowman
28:39 Pikeman
turco_asad1
9:22 Feudal Age
11:10 Horse Collar
14:06 Bloodlines
14:50 Double-Bit Axe
19:47 Forging
21:31 Scale Barding Armor
25:11 Castle Age
22:58 Loom
23:51 Fletching
24:02 Padded Archer Armor
26:03 Husbandry
28:31 Bow Saw
Connection lost

Rejoining the realm…

Still unreachable

The connection could not be restored.

Session expired

The server has moved on; the page needs a fresh start.